 Dungeon Sprint DCSS version 0.29-a0-870-g2c972031a6 (webtiles) character file.

Game seed: 10645870900367015779

16 mhtbhm the Shield-Bearer (level 2, -3/20 HPs)
             Began as a Gargoyle Fighter on July 17, 2022.
             Was a Priest of Qazlal.
             Slain by a wight
             ... wielding a +0 spear of distortion
              (22 damage)
             ... in the Dungeon (Sprint VII: "The Pits").
             The game lasted 00:00:36 (283 turns).

mhtbhm the Shield-Bearer (Gargoyle Fighter)          Turns: 283, Time: 00:00:37

Health: -3/20      AC: 15    Str: 19    XL:     2   Next: 54%
Magic:  3/3        EV:  7    Int:  8    God:    Qazlal [***...]
Gold:   0          SH:  9    Dex:  9    Spells: 1/1 levels left

rFire   . . .      SeeInvis .   a - +1 mace (vorpal)
rCold   . . .      Faith    .   c - +0 buckler
rNeg    + . .      Spirit   .   b - +3 chain mail
rPois   ∞          Reflect  .   (no helmet)
rElec   +          Harm     .   (no cloak)
rCorr   .          Rampage  .   (no gloves)
Will    .....      NoTele   +   (no boots)
Stlth   ..........              (no amulet)
HPRegen 0.06/turn               (no ring)
MPRegen 0.08/turn               (no ring)

@: no status effects
A: sickness immunity, AC +2, negative energy resistance 1, electricity
resistance, torment resistance 1, petrification resistance
a: Renounce Religion, Upheaval, Elemental Force


You were in the Dungeon.
You worshipped Qazlal.
Qazlal was most pleased with you.
You visited 1 branch

Inventory:

Hand Weapons
 a - a +1 vorpal mace (weapon)
Armour
 b - a +3 chain mail (worn)
 c - a +0 buckler (worn)
Scrolls
 j - a scroll of blinking
 l - 5 scrolls of amnesia
 m - a scroll of summoning
Potions
 d - a potion of might
 e - 6 potions of curing
 f - 6 potions of heal wounds
 g - a potion of haste
 h - 4 potions of magic
 i - 3 potions of berserk rage
 k - 2 potions of invisibility


   Skills:
 + Level 4.1 Fighting
 + Level 2.7 Maces & Flails
 + Level 4.0 Armour
 + Level 4.4 Shields
 * Level 1.6 Invocations


You had one spell level left.
You didn't know any spells.
Your spell library was empty.

Dungeon Overview and Level Annotations

Branches:
Dungeon (1/1)

Altars:
Ashenzari
Cheibriados
Dithmenos
Elyvilon
Fedhas
Gozag
Hepliaklqana
Kikubaaqudgha
Makhleb
Nemelex Xobeh
Okawaru
Qazlal
Ru
Sif Muna
Trog
Uskayaw
Vehumet
Wu Jian
Xom
Yredelemnul
Zin
The Shining One
Jiyva
Lugonu


Innate Abilities, Weirdness & Mutations

You are immune to sickness and miasma.
Your stone body is resilient. (AC +2)
You are immune to poison.
You resist negative energy. (rN+)
You are resistant to electric shocks. (rElec)
You are resistant to unholy torment.
You are immune to petrification.


Message History

You see here a +3 chain mail.
b - a +3 chain mail You start putting on your armour.
You continue putting on your +3 chain mail. x4
You finish putting on your +3 chain mail.
Things that are here:
a +0 scale mail; a +0 hand axe of freezing You see here a +1 long sword of flaming.
You see here a +1 quarterstaff of speed.
e - 6 potions of curing (gained 5)
f - 6 potions of heal wounds (gained 5)
You see here a +1 vorpal trident.
You see here a +1 dagger of venom.
You see here a +1 vorpal mace.
You are now empty-handed.
You drop a +2 mace.
a - a +1 vorpal mace
a - a +1 vorpal mace (weapon)
You see here a +2 plate armour.
Things that are here:
a +0 scale mail; a +0 hand axe of freezing
There is an open door here.
There is an open door, spattered with blood here.
You see here a bat corpse.
There is an open door here.
Things that are here:
a jackal corpse; a jackal corpse
There is an open door, spattered with blood here.
You open the door.
There is an open door here.
You open the door. 4 wights come into view.
A wight is wielding a +0 spear of distortion.
A jackal comes into view.
Unknown command.
The jackal barks!
A bat comes into view.
The wight hits you with a +0 spear of distortion.
Space warps horribly around you!!
Ouch! That really hurt!
You die...

##########.##.....
#.......†...'.....
#'#####'#####.....
#.#..#..#..##.....
#.#..†..†..#####'#
#.##†####+###.....
#.#........##.....
#.#........##.....
#@#####'#####...<.
#z#...[))..##.....
#h#..[)))..##.....
#'###########.....


#zz ###### #.z# #..b ##.## .. You could see 4 wights and a jackal.

Vanquished Creatures
  A bat (D)
  A giant cockroach (D)
  A hobgoblin (D)
  6 jackals (D)
  A ball python skeleton (D)
  A ball python zombie (D)
  2 frilled lizards (D)
  A rat (D)
14 creatures vanquished.

Notes
Turn   | Place    | Note
-------+----------+-------------------------------------------
     0 | D        | mhtbhm the Gargoyle Fighter began the quest for the Orb.
     0 | D        | Reached XP level 1. HP: 14/14 MP: 1/1
    24 | D        | Found a bloodstained altar of Trog.
    24 | D        | Found a shimmering blue altar of Sif Muna.
    24 | D        | Found a viscous altar of Jiyva.
    24 | D        | Found a hazy altar of Hepliaklqana.
    24 | D        | Found an opulent altar of Gozag.
    25 | D        | Found a glowing golden altar of the Shining One.
    25 | D        | Found a glowing silver altar of Zin.
    25 | D        | Found a basalt altar of Yredelemnul.
    25 | D        | Found a shimmering altar of Xom.
    25 | D        | Found an ornate altar of the Wu Jian Council.
    25 | D        | Found a sacrificial altar of Ru.
    25 | D        | Found a stormy altar of Qazlal.
    25 | D        | Found an iron altar of Okawaru.
    25 | D        | Found a sparkling altar of Nemelex Xobeh.
    25 | D        | Found a burning altar of Makhleb.
    25 | D        | Found a blossoming altar of Fedhas.
    25 | D        | Found a white marble altar of Elyvilon.
    25 | D        | Found a shadowy altar of Dithmenos.
    25 | D        | Found a snail-covered altar of Cheibriados.
    28 | D        | Found a corrupted altar of Lugonu.
    28 | D        | Found a radiant altar of Vehumet.
    29 | D        | Found an ancient bone altar of Kikubaaqudgha.
    29 | D        | Found a hide-covered altar of Uskayaw.
    29 | D        | Found a broken altar of Ashenzari.
    34 | D        | Became a worshipper of Qazlal Stormbringer
    79 | D        | Reached * piety under Qazlal
    84 | D        | Reached skill level 1 in Invocations
   156 | D        | Reached XP level 2. HP: 20/20 MP: 2/2
   156 | D        | Reached ** piety under Qazlal
   192 | D        | Reached *** piety under Qazlal
   279 | D        | Noticed a wight
   279 | D        | Noticed a wight
   279 | D        | Noticed a wight
   279 | D        | Noticed a wight
   283 | D        | Slain by a wight

Illustrated notes

Levels and vault maps discovered:
D:        pitsprint [storerooms_1, entrance_room_1, metal_vault_4, armoury_1,
          mini_pit_1, grid_room_1, main_hall_1, silver_pit, the_coven_3,
          the_vestibule_1, steel_vault_1, golden_pit, hallway_of_sentries,
          crystal_vault_1, iron_vault_1, final_vault]

Skill      XL: |  1  2 |
---------------+-------+-----
Shields        | 4 |  4.4
Invocations    | 1 |  1.6
Fighting       | 4 |  4.1
Armour         | 4 |  4.0
Maces & Flails | |  2.7

Action                   || total
-------------------------++-------
Melee: Mace              ||    38
       Flail             ||     7
Armor: Scale mail        ||    12
Dodge: Dodged            ||    30
Block: Buckler           ||    17

Table legend: (Time is in decaauts)
 A = Elapsed time spent in this place.
 B = Non-inter-level travel time spent in this place.
 C = Inter-level travel time spent in this place.
 D = Time resting spent in this place.
 E = Time spent auto-exploring this place.
 F = Levels seen in this place.
 G = Mean time per level.
                   A        B        C        D        E       F      G
               +--------+--------+--------+--------+--------+-----+--------+
         Total |    296 |    296 |      0 |     95 |     23 |   1 |  296.0 |
       Dungeon |    296 |    296 |      0 |     95 |     23 |   1 |  296.0 |
               +--------+--------+--------+--------+--------+-----+--------+

Top non-repeatable levels by time:
       D: 296 daAuts
